[Event "Titled Tuesday Blitz August 08 Late 2023"]
[White "Sreyas Payyappat"]
[Black "Naroditsky, Daniel"]
[WhiteFideId "46674969"]
[BlackFideId "2026961"]
[WhiteElo "2508"]
[BlackElo "3210"]
[Result "0-1"]
[Round "1"]
[TimeControl "180+1"]
[Date "2023.08.08"]
[WhiteClock "0:00:00"]
[BlackClock "0:00:28"]
[Board "1"]

1. e4 Nf6 2. e5 Nd5 3. d4 d6 4. exd6 exd6 5. Nf3 Be7 6. c4 Nb6 7. Bd3 O-O 8. O-O c6 9. Nc3 Na6 10. a3 d5 11. c5 Nd7 12. Qc2 Nc7 13. Bxh7+ Kh8 14. Bf5 g6 15. Bd3 Kg7 16. Bf4 Ne6 17. Bg3 Bf6 18. Ne2 Re8 19. Rfe1 Ndf8 20. Ne5 Ng5 21. Nf4 Nge6 22. Nxf7 Kxf7 23. Bxg6+ Kg8 24. Nh5 Bxd4 25. Bxe8 Qxe8 26. Qf5 Qg6 27. Qxg6+ Nxg6 28. Bd6 Bxb2 29. Rab1 Bd4 30. Rb4 Bc3 31. Rg4 Bxe1 32. Rxg6+ Kf7 33. Rf6+ Ke8 34. Ng7+ Nxg7 35. Rf8+ Kd7 36. Rf7+ Ke6 37. Rxg7 Kf6 38. Rg8 b6 39. Re8 Bc3 40. h4 Bb7 41. Re7 Ba6 42. h5 Rh8 43. g4 bxc5 44. Bxc5 Kg5 45. f3 d4 46. Kg2 d3 47. Rd7 Re8 48. Kg3 Be1+ 49. Kg2 d2 50. Rd6 Be2 0-1


[Site "https://www.chess.com"]

[Event "Titled Tuesday Blitz August 08 Late 2023"]
[White "Vachier-Lagrave, Maxime"]
[Black "Geivondian, Arman"]
[WhiteFideId "623539"]
[BlackFideId "24102032"]
[WhiteElo "3168"]
[BlackElo "2508"]
[Result "1-0"]
[Round "1"]
[TimeControl "180+1"]
[Date "2023.08.08"]
[WhiteClock "0:01:52"]
[BlackClock "0:01:09"]
[Board "2"]

1. e4 c6 2. d4 d5 3. exd5 cxd5 4. Bd3 Nc6 5. c3 Nf6 6. h3 g6 7. Nf3 Bg7 8. O-O Bf5 9. Re1 O-O 10. Bf4 e6 11. Bf1 h6 12. Nbd2 g5 13. Bh2 Ne4 14. Qb3 Qe8 15. Nxe4 Bxe4 16. Nd2 Bg6 17. Qxb7 Qc8 18. Ba6 Qe8 19. Bd6 h5 20. Bb5 Rc8 21. Nf3 g4 22. hxg4 hxg4 23. Ne5 Bxe5 24. Rxe5 Qd8 25. Bxf8 Nxe5 26. Be7 Qc7 27. Qxc7 Rxc7 28. Bd6 Rb7 29. Ba6 Rb6 30. Bxe5 Rxa6 31. Kh2 Rb6 32. b3 Kf8 33. Kg3 Ke7 34. Kxg4 Rc6 35. Rc1 f6 36. Bf4 Rc8 37. Kg3 Rg8 38. f3 Bb1+ 39. Kf2 Bxa2 40. Ra1 Bxb3 41. Rxa7+ Ke8 42. g4 Rf8 43. Bd6 Rf7 44. Ra8+ Kd7 45. Bc5 Kc6 46. Ra6+ Kd7 47. Rd6+ Ke7 48. Rb6+ 1-0


[Site "https://www.chess.com"]

[Event "Titled Tuesday Blitz August 08 Late 2023"]
[White "Kozusek, Daniel"]
[Black "Fedoseev, Vladimir"]
[WhiteFideId "349500"]
[BlackFideId "24130737"]
[WhiteElo "2507"]
[BlackElo "3095"]
[Result "0-1"]
[Round "1"]
[TimeControl "180+1"]
[Date "2023.08.08"]
[WhiteClock "0:00:00"]
[BlackClock "0:00:58"]
[Board "3"]

1. d4 Nf6 2. Nf3 g6 3. Bg5 Bg7 4. Nbd2 O-O 5. c3 d6 6. e4 Nbd7 7. a4 h6 8. Bh4 a5 9. Bb5 c6 10. Bd3 Nh5 11. Bg3 Nxg3 12. hxg3 e5 13. dxe5 dxe5 14. Nc4 Qe7 15. Ne3 Nc5 16. Bc2 Be6 17. Nd2 Rfd8 18. Qe2 h5 19. O-O b5 20. axb5 cxb5 21. Nd5 Qb7 22. b4 axb4 23. Nxb4 Na4 24. Ra3 Bf8 25. Rb1 Rdc8 26. Bxa4 Rxa4 27. Rxa4 bxa4 28. Nd5 Qa7 29. Ra1 a3 30. Nc4 Bxd5 31. exd5 Qc5 32. Nxa3 Qxc3 33. Ra2 Bxa3 0-1


[Site "https://www.chess.com"]

[Event "Titled Tuesday Blitz August 08 Late 2023"]
[White "Firouzja, Alireza"]
[Black "Berezin, Viktor"]
[WhiteFideId "12573981"]
[BlackFideId "14107872"]
[WhiteElo "3086"]
[BlackElo "2507"]
[Result "1-0"]
[Round "1"]
[TimeControl "180+1"]
[Date "2023.08.08"]
[WhiteClock "0:00:56"]
[BlackClock "0:01:01"]
[Board "4"]

1. e4 c6 2. d4 d5 3. exd5 cxd5 4. Bd3 Nc6 5. c3 Qc7 6. Na3 a6 7. Nc2 e5 8. dxe5 Nxe5 9. Nf3 Nxd3+ 10. Qxd3 Nf6 11. O-O Be7 12. Bg5 Be6 13. Rfe1 O-O 14. Ncd4 Bg4 15. h3 Bxf3 16. Qxf3 Ne4 17. Bxe7 Qxe7 18. Rad1 Rad8 19. c4 Qb4 20. cxd5 Nf6 21. Nf5 Qxb2 22. d6 Rd7 23. Qg3 g6 24. Re7 Qc2 25. Ne3 Qc3 26. Ng4 Qxg3 27. Nxf6+ Kg7 28. fxg3 1-0


[Site "https://www.chess.com"]

[Event "Titled Tuesday Blitz August 08 Late 2023"]
[White "Mordechai, Hanan"]
[Black "Martinez Alcantara, Jose Eduardo"]
[WhiteFideId "2804166"]
[BlackFideId "3805662"]
[WhiteElo "2506"]
[BlackElo "3051"]
[Result "0-1"]
[Round "1"]
[TimeControl "180+1"]
[Date "2023.08.08"]
[WhiteClock "0:00:02"]
[BlackClock "0:00:54"]
[Board "5"]

1. e4 c5 2. Nf3 d6 3. d4 cxd4 4. Nxd4 a6 5. Nc3 e6 6. g4 h6 7. Bg2 Nf6 8. h4 Nfd7 9. g5 hxg5 10. hxg5 Rxh1+ 11. Bxh1 g6 12. Be3 Ne5 13. Qe2 Qc7 14. O-O-O Nc4 15. f4 Nxe3 16. Qxe3 Nc6 17. f5 Ne5 18. Qh3 Qe7 19. Qh7 Qxg5+ 20. Kb1 Qh6 21. Qxh6 Bxh6 22. fxe6 fxe6 23. Bg2 Bg7 24. Bh3 Ke7 25. Na4 Nc4 26. b3 Bxd4 27. Rxd4 Ne5 28. Nb6 Rb8 29. c4 Bd7 30. b4 Rf8 31. c5 dxc5 32. bxc5 Bc6 33. Rd6 Bxe4+ 34. Kb2 Bf5 35. Bg2 Nd3+ 36. Rxd3 Bxd3 37. Bxb7 Kd8 38. Kc3 Kc7 39. Bh1 Bb5 40. Na8+ Rxa8 41. Kb4 Bc6 0-1


[Site "https://www.chess.com"]

[Event "Titled Tuesday Blitz August 08 Late 2023"]
[White "Aronian, Levon"]
[Black "Chor, Kevin"]
[WhiteFideId "13300474"]
[BlackFideId "2090740"]
[WhiteElo "3047"]
[BlackElo "2506"]
[Result "1-0"]
[Round "1"]
[TimeControl "180+1"]
[Date "2023.08.08"]
[WhiteClock "0:01:40"]
[BlackClock "0:00:05"]
[Board "6"]

1. e4 c5 2. Nf3 Nc6 3. Bb5 e6 4. Bxc6 bxc6 5. d3 Ne7 6. Nbd2 Ng6 7. h4 Qc7 8. h5 Ne5 9. Nxe5 Qxe5 10. h6 g6 11. Nc4 Qc7 12. Qf3 Be7 13. Bf4 d6 14. e5 d5 15. Nd6+ Bxd6 16. exd6 Qa5+ 17. Kf1 f6 18. Be5 Rf8 19. Bxf6 c4 20. Qf4 Ba6 21. Qe5 Kd7 22. Bg5 Rf7 23. Re1 Re8 24. Rh3 cxd3 25. cxd3 Qxa2 26. Rf3 Rxf3 27. gxf3 Bxd3+ 28. Kg2 d4 29. Qg7+ Kxd6 30. Bf4+ Kd5 31. Qd7+ Kc4 32. Qxc6+ Kb3 33. Qxe8 1-0


[Site "https://www.chess.com"]

[Event "Titled Tuesday Blitz August 08 Late 2023"]
[White "Soderstrom, Adrian"]
[Black "Paravyan, David"]
[WhiteFideId "1745786"]
[BlackFideId "4194985"]
[WhiteElo "2505"]
[BlackElo "3033"]
[Result "0-1"]
[Round "1"]
[TimeControl "180+1"]
[Date "2023.08.08"]
[WhiteClock "0:01:51"]
[BlackClock "0:02:43"]
[Board "7"]

1. d4 d5 2. c4 e6 3. Nf3 Nf6 4. Nc3 c5 5. cxd5 Nxd5 6. e4 Nxc3 7. bxc3 cxd4 8. cxd4 Bb4+ 9. Bd2 Bxd2+ 10. Qxd2 O-O 11. Bb5 Bd7 12. Bxd7 Nxd7 13. O-O Rc8 14. Rfc1 Qe7 15. Rxc8 Rxc8 16. Rc1 Rxc1+ 17. Qxc1 Nb6 18. Ne5 f6 19. Nd3 Qd7 20. Qc3 Qa4 21. Qb3 Qxd4 22. Qxe6+ Kf8 23. Qb3 Qa1+ 0-1


[Site "https://www.chess.com"]

[Event "Titled Tuesday Blitz August 08 Late 2023"]
[White "Andreikin, Dmitry"]
[Black "D`Arruda, Ricardo D."]
[WhiteFideId "4158814"]
[BlackFideId "100692"]
[WhiteElo "3017"]
[BlackElo "2505"]
[Result "1-0"]
[Round "1"]
[TimeControl "180+1"]
[Date "2023.08.08"]
[WhiteClock "0:01:27"]
[BlackClock "0:00:21"]
[Board "8"]

1. d4 Nf6 2. c4 e5 3. dxe5 Ne4 4. Nd2 Nc5 5. Ngf3 Nc6 6. g3 d6 7. exd6 Qxd6 8. Bg2 Be7 9. O-O Bf5 10. Nb3 Qxd1 11. Rxd1 Nxb3 12. axb3 Bc2 13. Rd5 Bxb3 14. Rb5 Bxc4 15. Rxb7 O-O 16. Rxc7 Rac8 17. Rxc8 Rxc8 18. Be3 Bf6 19. Rc1 Bd5 20. Nd4 Bxg2 21. Kxg2 Ne7 22. Rxc8+ Nxc8 23. Kf3 Kf8 24. Ke4 Ke8 25. b3 Kd7 26. g4 g6 27. Kd5 Be7 28. Nc6 Bd6 29. h3 a6 30. Bc5 Bc7 31. Ne5+ Ke8 32. Nc4 Kd7 33. Ne5+ Ke8 34. f3 f6 35. Nc6 Kd7 36. e4 Nb6+ 37. Bxb6 Bxb6 38. Nb8+ 1-0


[Site "https://www.chess.com"]

[Event "Titled Tuesday Blitz August 08 Late 2023"]
[White "Sam, Gabriel"]
[Black "Mamedov, Rauf"]
[WhiteFideId "75000776"]
[BlackFideId "13401653"]
[WhiteElo "2503"]
[BlackElo "3012"]
[Result "0-1"]
[Round "1"]
[TimeControl "180+1"]
[Date "2023.08.08"]
[WhiteClock "0:00:00"]
[BlackClock "0:01:53"]
[Board "9"]

1. e4 c5 2. Nf3 d6 3. Bb5+ Bd7 4. Bxd7+ Qxd7 5. O-O Nf6 6. Re1 Nc6 7. c3 e6 8. d4 cxd4 9. cxd4 d5 10. e5 Ne4 11. Nbd2 Nxd2 12. Bxd2 Be7 13. Rb1 a5 14. Be3 O-O 15. Re2 Rfc8 16. Ne1 a4 17. Nd3 Nb4 18. Nxb4 Bxb4 19. Rc1 Rc4 20. Rec2 b5 21. h4 h6 22. Qg4 Kh7 23. Qe2 Be7 24. b3 axb3 25. axb3 Rxc2 26. Qxc2+ Kg8 27. h5 Ba3 28. Qc7 Qxc7 29. Rxc7 Bb2 30. g4 Ra3 31. Rc8+ Kh7 32. Rc7 Rxb3 33. Rxf7 b4 34. Rb7 Bc3 35. Rb6 Rb1+ 36. Kg2 b3 37. Rc6 Be1 38. Rb6 b2 39. Kf3 Bc3 40. Rb3 Rc1 0-1


[Site "https://www.chess.com"]

[Event "Titled Tuesday Blitz August 08 Late 2023"]
[White "Matlakov, Maxim"]
[Black "Kubicka, Anna"]
[WhiteFideId "4168003"]
[BlackFideId "1152254"]
[WhiteElo "3010"]
[BlackElo "2502"]
[Result "0-1"]
[Round "1"]
[TimeControl "180+1"]
[Date "2023.08.08"]
[WhiteClock "0:00:00"]
[BlackClock "0:00:06"]
[Board "10"]

1. e4 c5 2. Nf3 d6 3. Bb5+ Nd7 4. O-O a6 5. Bxd7+ Bxd7 6. c3 Nf6 7. Re1 g6 8. d4 cxd4 9. cxd4 Bg7 10. Nc3 O-O 11. h3 b5 12. e5 Ne8 13. Bg5 f6 14. exf6 Nxf6 15. Qe2 Rf7 16. a3 Rc8 17. Rac1 Bf5 18. Qd2 Qd7 19. Qe3 a5 20. Bh6 b4 21. axb4 axb4 22. Bxg7 Kxg7 23. Ne2 Nd5 24. Qg5 Rxc1 25. Rxc1 h6 26. Qg3 Be4 27. Nd2 Qf5 28. Re1 Bd3 29. Nc1 Bc2 30. Nf1 Qf4 31. Qxf4 Nxf4 32. Ne3 b3 33. h4 e5 34. dxe5 dxe5 35. Nxc2 bxc2 36. g3 Nh3+ 37. Kg2 Nxf2 38. Rxe5 Nd1 39. Rc5 Rf2+ 0-1


[Site "https://www.chess.com"]

[Event "Titled Tuesday Blitz August 08 Late 2023"]
[White "Toncheva, Nadya"]
[Black "Kramnik, Vladimir"]
[WhiteFideId "2924056"]
[BlackFideId "4101588"]
[WhiteElo "2502"]
[BlackElo "2979"]
[Result "0-1"]
[Round "1"]
[TimeControl "180+1"]
[Date "2023.08.08"]
[WhiteClock "0:00:23"]
[BlackClock "0:00:54"]
[Board "11"]

1. e4 c5 2. c3 Nf6 3. e5 Nd5 4. Nf3 e6 5. Bc4 d6 6. exd6 Bxd6 7. d4 O-O 8. O-O cxd4 9. cxd4 Nd7 10. Nc3 Nxc3 11. bxc3 Qc7 12. Qe2 b6 13. Bd2 Bb7 14. Bd3 Bxf3 15. Qxf3 Bxh2+ 16. Kh1 Bd6 17. Rfe1 Rad8 18. Qh3 g6 19. Qh6 Rfe8 20. Re4 Bf8 21. Qh3 Nf6 22. Rh4 Bg7 23. Rc1 e5 24. Bg5 exd4 25. cxd4 Qxc1+ 26. Bxc1 Re1+ 27. Kh2 Rxc1 28. Qe3 Rc7 29. Qe2 h5 30. f3 Rcd7 31. Qe3 Nd5 32. Qf2 Ne7 33. Re4 Nf5 34. Bb5 Rxd4 35. Rxd4 Rxd4 36. Qe2 Rh4+ 37. Kg1 Bd4+ 0-1


[Site "https://www.chess.com"]

[Event "Titled Tuesday Blitz August 08 Late 2023"]
[White "Xiong, Jeffery"]
[Black "Koc, Przemyslaw"]
[WhiteFideId "2047640"]
[BlackFideId "1109081"]
[WhiteElo "2972"]
[BlackElo "2501"]
[Result "1-0"]
[Round "1"]
[TimeControl "180+1"]
[Date "2023.08.08"]
[WhiteClock "0:01:28"]
[BlackClock "0:01:22"]
[Board "12"]

1. e4 d6 2. d4 Nf6 3. Nc3 e5 4. Nf3 Nbd7 5. Bc4 c6 6. a4 a5 7. O-O Be7 8. Re1 h6 9. h3 Qc7 10. Be3 Nf8 11. Qd2 g5 12. d5 Ng6 13. Rad1 Nf4 14. Nh2 Rg8 15. Kh1 h5 16. h4 Ng4 17. Nf3 f6 18. dxc6 Rg7 19. Bxf4 gxf4 20. Nd5 Qxc6 21. Bb5 1-0


[Site "https://www.chess.com"]

[Event "Titled Tuesday Blitz August 08 Late 2023"]
[White "Liu, Casper"]
[Black "Sjugirov, Sanan"]
[WhiteFideId "1454153"]
[BlackFideId "4189302"]
[WhiteElo "2501"]
[BlackElo "2957"]
[Result "0-1"]
[Round "1"]
[TimeControl "180+1"]
[Date "2023.08.08"]
[WhiteClock "0:00:33"]
[BlackClock "0:02:09"]
[Board "13"]

1. d4 Nf6 2. Nf3 b6 3. Bf4 Bb7 4. e3 g6 5. Nbd2 Bg7 6. h4 d6 7. c3 Nbd7 8. Bd3 e6 9. Qc2 Qe7 10. Bg5 h6 11. Bf4 e5 12. Bxg6 exf4 13. Bf5 fxe3 14. fxe3 Qxe3+ 15. Kd1 O-O-O 16. Re1 Qf4 17. Re7 Nd5 18. Qe4 Nxc3+ 19. bxc3 Bxe4 20. Bxe4 Rde8 21. g3 Qxg3 22. Rxf7 Rhf8 23. Rxf8 Bxf8 24. Ke2 d5 25. Rg1 Qd6 0-1


[Site "https://www.chess.com"]

[Event "Titled Tuesday Blitz August 08 Late 2023"]
[White "He, Anthony"]
[Black "Ibadov, Dashgyn"]
[WhiteFideId "2088215"]
[BlackFideId "24107514"]
[WhiteElo "2952"]
[BlackElo "2501"]
[Result "1-0"]
[Round "1"]
[TimeControl "180+1"]
[Date "2023.08.08"]
[WhiteClock "0:02:10"]
[BlackClock "0:00:21"]
[Board "14"]

1. d4 Nf6 2. Nc3 d5 3. Bf4 a6 4. e3 e6 5. g4 c5 6. g5 Ne4 7. Nxe4 dxe4 8. Bg2 cxd4 9. exd4 Nc6 10. c3 Qd5 11. Qe2 Be7 12. Bxe4 Qd8 13. Nf3 O-O 14. h4 Bd6 15. Qe3 Ne7 16. c4 Qa5+ 17. Kf1 Bxf4 18. Qxf4 Bd7 19. h5 Rac8 20. h6 Ng6 21. Qh2 1-0


[Site "https://www.chess.com"]

[Event "Titled Tuesday Blitz August 08 Late 2023"]
[White "Yu, Jennifer"]
[Black "Iturrizaga Bonelli, Eduardo"]
[WhiteFideId "2078341"]
[BlackFideId "3901211"]
[WhiteElo "2500"]
[BlackElo "2949"]
[Result "0-1"]
[Round "1"]
[TimeControl "180+1"]
[Date "2023.08.08"]
[WhiteClock "0:00:23"]
[BlackClock "0:01:54"]
[Board "15"]

1. c4 Nf6 2. Nc3 e6 3. Nf3 c5 4. g3 b6 5. Bg2 Bb7 6. O-O Be7 7. d3 O-O 8. e4 Nc6 9. Re1 a6 10. h3 Qc7 11. Bf4 d6 12. e5 dxe5 13. Nxe5 Bd6 14. Nxc6 Bxf4 15. gxf4 Bxc6 16. Bxc6 Qxc6 17. Ne4 Nxe4 18. dxe4 Rad8 19. Qg4 Rd4 20. Qe2 Rfd8 21. Rad1 h6 22. f3 Qc7 23. Rxd4 Rxd4 24. Qe3 Rxc4 25. Rd1 g5 26. Qe2 Rd4 27. Rxd4 cxd4 28. Qxa6 Qc1+ 29. Kg2 Qd2+ 30. Kg1 Qc1+ 31. Kg2 Qxb2+ 32. Kg3 gxf4+ 33. Kxf4 Qh2+ 34. Kg4 Qg2+ 0-1


[Site "https://www.chess.com"]

[Event "Titled Tuesday Blitz August 08 Late 2023"]
[White "Nguyen, Ngoc Truong Son"]
[Black "Michalczak, Thomas"]
[WhiteFideId "12401110"]
[BlackFideId "4622634"]
[WhiteElo "2947"]
[BlackElo "2499"]
[Result "1-0"]
[Round "1"]
[TimeControl "180+1"]
[Date "2023.08.08"]
[WhiteClock "0:00:53"]
[BlackClock "0:00:04"]
[Board "16"]

1. d4 Nf6 2. c4 e6 3. Nc3 d5 4. Nf3 Nbd7 5. cxd5 exd5 6. Bf4 c6 7. e3 Be7 8. Bd3 Nh5 9. Qc2 Nxf4 10. exf4 Nf6 11. O-O O-O 12. Rfe1 Bd6 13. g3 h6 14. Ne5 Re8 15. Re2 Bg4 16. Re3 Qb6 17. Rae1 Bh3 18. Qd2 Kf8 19. Bb1 Rad8 20. a3 a5 21. Na4 Qc7 22. Nc5 Bc8 23. b4 axb4 24. axb4 b6 25. Na4 c5 26. bxc5 bxc5 27. dxc5 Bxc5 28. Rc3 Bb4 29. Rxc7 Bxd2 30. Rd1 Ba5 31. Rxf7+ Kg8 32. Ra7 Bb4 33. Bg6 Rf8 34. Nc6 Rd7 35. Ra8 Bd6 36. Nb6 Rc7 37. Rxc8 Rfxc8 38. Nxc8 Rxc8 39. Nd4 Ba3 40. Kg2 Rc1 41. Rd3 Bc5 42. Nb3 Rc4 43. Nxc5 Rxc5 44. Ra3 Kf8 45. Ra8+ Ke7 46. Ra7+ Nd7 47. Bf5 1-0


[Site "https://www.chess.com"]

[Event "Titled Tuesday Blitz August 08 Late 2023"]
[White "Olivares Olivares, Claudio"]
[Black "Suleymanli, Aydin"]
[WhiteFideId "3400786"]
[BlackFideId "13413937"]
[WhiteElo "2497"]
[BlackElo "2942"]
[Result "0-1"]
[Round "1"]
[TimeControl "180+1"]
[Date "2023.08.08"]
[WhiteClock "0:00:00"]
[BlackClock "0:00:31"]
[Board "17"]

1. e4 c5 2. Nf3 e6 3. d4 cxd4 4. Nxd4 Nf6 5. Bd3 Nc6 6. Nxc6 bxc6 7. O-O d5 8. e5 Nd7 9. Re1 a5 10. Qg4 h5 11. Qg3 Nc5 12. Bg5 Qc7 13. Nd2 Nxd3 14. cxd3 a4 15. Rac1 c5 16. Rc2 Bd7 17. h4 Rb8 18. Qf4 Qa5 19. Re3 Rb4 20. Nc4 Qa7 21. a3 Rb7 22. Nd6+ Bxd6 23. exd6 f6 24. Bxf6 Rf8 25. Qg5 gxf6 26. Qxd5 Kd8 27. Qxh5 Qb6 28. Rxc5 e5 29. Rc2 Qxd6 30. Qf3 Rb6 31. h5 Rc6 32. Ree2 Rg8 33. h6 Rh8 34. Qh5 Qxd3 35. Rxc6 Qd1+ 36. Kh2 Bxc6 37. Qf7 Rxh6+ 38. Kg3 Qd3+ 0-1


[Site "https://www.chess.com"]

[Event "Titled Tuesday Blitz August 08 Late 2023"]
[White "Grinev, Valeriy"]
[Black "Gholami Orimi, Mahdi"]
[WhiteFideId "14117517"]
[BlackFideId "12558486"]
[WhiteElo "2496"]
[BlackElo "2923"]
[Result "1-0"]
[Round "1"]
[TimeControl "180+1"]
[Date "2023.08.08"]
[WhiteClock "0:01:42"]
[BlackClock "0:01:15"]
[Board "19"]

1. d4 Nf6 2. c4 e6 3. Nc3 Bb4 4. e3 b6 5. Ne2 Ne4 6. Qc2 Bb7 7. a3 Nxc3 8. Nxc3 Bxc3+ 9. Qxc3 Qh4 10. b3 O-O 11. Bb2 f5 12. d5 Rf7 13. g3 Qe4 14. Rg1 exd5 15. Bg2 Qe6 16. O-O-O d4 17. exd4 Bxg2 18. Rxg2 d5 19. Re1 Qc6 20. f3 Nd7 21. Rge2 dxc4 22. d5 Qxd5 23. Re7 Nc5 24. bxc4 Qd3 25. Re8+ Rxe8 26. Rxe8+ Rf8 27. Qxg7# 1-0


[Site "https://www.chess.com"]

[Event "Titled Tuesday Blitz August 08 Late 2023"]
[White "Shimanov, Aleksandr"]
[Black "Remolar Gallen, Jose"]
[WhiteFideId "4198603"]
[BlackFideId "2215187"]
[WhiteElo "2920"]
[BlackElo "2494"]
[Result "1-0"]
[Round "1"]
[TimeControl "180+1"]
[Date "2023.08.08"]
[WhiteClock "0:01:32"]
[BlackClock "0:00:13"]
[Board "20"]

1. d4 Nf6 2. c4 g6 3. g3 c6 4. Bg2 d5 5. Qa4 Nbd7 6. cxd5 Nb6 7. Qb3 cxd5 8. Nc3 Bg7 9. a4 e6 10. a5 Nc4 11. e4 O-O 12. e5 Ne8 13. Qa2 b6 14. axb6 Qxb6 15. Nge2 Rb8 16. O-O f6 17. exf6 Nxf6 18. Rb1 Bd7 19. b3 Na5 20. Ba3 Rfc8 21. Bc5 Qc7 22. b4 Nc4 23. Nf4 Rb7 24. Nfxd5 exd5 25. Nxd5 Nb6 26. Nxc7+ 1-0


[Site "https://www.chess.com"]

[Event "Titled Tuesday Blitz August 08 Late 2023"]
[White "chess123456s"]
[Black "Tari, Aryan"]
[BlackFideId "1510045"]
[WhiteElo "2494"]
[BlackElo "2919"]
[Result "0-1"]
[Round "1"]
[TimeControl "180+1"]
[Date "2023.08.08"]
[WhiteClock "0:00:06"]
[BlackClock "0:00:40"]
[Board "21"]

1. d4 Nf6 2. Nc3 d5 3. Bf4 c5 4. e4 Nxe4 5. Nxe4 dxe4 6. dxc5 Qa5+ 7. c3 Qxc5 8. Qa4+ Nc6 9. Qxe4 g6 10. Nf3 Bg7 11. Rd1 O-O 12. Be3 Qa5 13. Bc4 Bf5 14. Qh4 Bf6 15. Ng5 h5 16. Rd5 Bxc3+ 17. bxc3 Qxc3+ 18. Bd2 Qa1+ 19. Ke2 Qf6 20. f3 Rad8 21. g4 Nd4+ 22. Kf2 Be6 23. gxh5 Bxd5 24. hxg6 Qxg6 25. Bxd5 Rxd5 26. Rg1 Nf5 27. Qf4 e5 28. Qb4 Qb6+ 29. Qxb6 Rxd2+ 30. Ke1 axb6 31. Kxd2 Ra8 32. Kd3 Ra4 33. Ne6+ Kh7 34. Ng5+ Kg8 35. Ne6+ Kh8 36. Ng5 Rd4+ 37. Kc3 Rd7 38. Re1 f6 39. Ne4 Kg7 40. Rb1 Ne3 41. Rb2 Nd1+ 42. Kc2 Nxb2 43. Kxb2 Rd3 0-1


[Site "https://www.chess.com"]

[Event "Titled Tuesday Blitz August 08 Late 2023"]
[White "Fressinet, Laurent"]
[Black "Yang, Kevin"]
[WhiteFideId "608742"]
[BlackFideId "30908485"]
[WhiteElo "2912"]
[BlackElo "2492"]
[Result "1-0"]
[Round "1"]
[TimeControl "180+1"]
[Date "2023.08.08"]
[WhiteClock "0:02:32"]
[BlackClock "0:00:29"]
[Board "22"]

1. d4 Nf6 2. Nf3 e6 3. Bg5 c5 4. e3 b6 5. d5 h6 6. Bxf6 Qxf6 7. Nc3 a6 8. a4 Bb7 9. Bc4 d6 10. O-O e5 11. Nd2 Nd7 12. Nde4 Qe7 13. f4 g6 14. f5 gxf5 15. Rxf5 Rg8 16. Qf3 Bg7 17. Rxf7 1-0


[Site "https://www.chess.com"]

[Event "Titled Tuesday Blitz August 08 Late 2023"]
[White "Womacka, Mathias"]
[Black "Terry, Renato"]
[WhiteFideId "4611390"]
[BlackFideId "3803457"]
[WhiteElo "2491"]
[BlackElo "2910"]
[Result "0-1"]
[Round "1"]
[TimeControl "180+1"]
[Date "2023.08.08"]
[WhiteClock "0:00:08"]
[BlackClock "0:00:36"]
[Board "23"]

1. e4 e6 2. d4 d5 3. Nd2 Be7 4. Ngf3 Nf6 5. e5 Nfd7 6. Bd3 c5 7. c3 Nc6 8. O-O g5 9. dxc5 Ndxe5 10. Nxe5 Nxe5 11. Nb3 Nxd3 12. Qxd3 f6 13. f4 gxf4 14. Bxf4 e5 15. Bh6 Be6 16. Bg7 Rg8 17. Qxh7 Qd7 18. Bxf6 Bxc5+ 19. Nxc5 Qxh7 20. Nxe6 Kd7 21. Ng5 Qh6 22. Rae1 Rxg5 23. Bxg5 Qxg5 24. Rf7+ Ke6 25. Ref1 Rg8 26. g3 Rg7 27. Rf8 e4 28. Kg2 a6 29. a4 Rh7 30. Re8+ Kd7 31. Ref8 Qh5 32. h4 Rg7 33. R1f4 Qe2+ 34. Kh3 Qe3 35. R8f7+ Rxf7 36. Rxf7+ Ke6 37. Rxb7 Qf3 38. Rb6+ Ke5 39. a5 Qf1+ 40. Kg4 Qf5# 0-1


[Site "https://www.chess.com"]

[Event "Titled Tuesday Blitz August 08 Late 2023"]
[White "Elsa167"]
[Black "Fontaine, Quentin"]
[BlackFideId "230804"]
[WhiteElo "2908"]
[BlackElo "2489"]
[Result "1-0"]
[Round "1"]
[TimeControl "180+1"]
[Date "2023.08.08"]
[WhiteClock "0:01:31"]
[BlackClock "0:00:12"]
[Board "24"]

1. d4 Nf6 2. c4 g6 3. Nc3 Bg7 4. e4 d6 5. h3 O-O 6. Be3 c5 7. Nf3 Qa5 8. Bd3 cxd4 9. Nxd4 Nc6 10. Nb3 Qh5 11. Be2 Qe5 12. Bd3 Nb4 13. Bd4 Nxd3+ 14. Qxd3 Qg5 15. g4 Be6 16. Be3 Qh4 17. O-O-O Rfc8 18. Nd2 Nd7 19. Nf3 Ne5 20. Nxh4 Nxd3+ 21. Rxd3 Bxc4 22. Rd2 Bxa2 23. Bd4 Bh6 24. Be3 Bxe3 25. fxe3 Bb3 26. Nf3 Ba4 27. Kb1 Bc6 28. Nd5 Kf8 29. Rf1 e6 30. Nc3 Ke7 31. Ng5 f6 32. Nxh7 Rh8 33. Nxf6 Rxh3 34. g5 Rxe3 35. Rh1 Rf8 36. Rh7+ Rf7 37. Rdh2 Rg3 38. Rxf7+ Kxf7 39. Rh7+ Kf8 40. Rc7 Rxg5 41. Nh7+ 1-0


[Site "https://www.chess.com"]

[Event "Titled Tuesday Blitz August 08 Late 2023"]
[White "Sebag, Marie"]
[Black "Kovalev, Vladislav"]
[WhiteFideId "617822"]
[BlackFideId "13504398"]
[WhiteElo "2489"]
[BlackElo "2903"]
[Result "0-1"]
[Round "1"]
[TimeControl "180+1"]
[Date "2023.08.08"]
[WhiteClock "0:00:28"]
[BlackClock "0:00:46"]
[Board "25"]

1. d4 Nf6 2. Nf3 e6 3. Bf4 d5 4. e3 c5 5. c3 Bd6 6. Ne5 Qc7 7. Nd2 O-O 8. Bd3 Nc6 9. Ndf3 Ne7 10. Qc2 b6 11. g4 c4 12. Be2 Ne4 13. Nd2 Nxd2 14. Qxd2 f6 15. Nf3 e5 16. Bg3 Bxg4 17. Rg1 Bxf3 18. Bxf3 e4 19. Be2 f5 20. O-O-O f4 21. exf4 Bxf4 22. Bxf4 Qxf4 23. Rg2 Qxd2+ 24. Kxd2 Rf4 25. Rdg1 g6 26. Bg4 Raf8 27. Ke2 Kg7 28. b3 cxb3 29. axb3 a5 30. Bd7 Rf3 31. Rc1 Nf5 32. Bxf5 R8xf5 33. Rc2 Kf6 34. Ke1 Ke6 35. Ke2 Kd6 36. Kd1 Kc6 37. Kc1 b5 38. Kb2 Rd3 39. Rg3 Rdf3 40. Rg2 g5 41. Re2 h6 42. Rc2 Kb6 43. Re2 h5 44. c4 Rd3 45. cxd5 Rxd4 46. h4 g4 47. Rg3 Rfxd5 48. Rge3 Rd2+ 49. Kc1 Rxe2 50. Rxe2 Rd4 51. Kc2 Kc5 52. Kc3 Rd3+ 53. Kc2 Kd4 0-1


[Site "https://www.chess.com"]

[Event "Titled Tuesday Blitz August 08 Late 2023"]
[White "Grigoriants, Sergey"]
[Black "Reprintsev, Alexander"]
[WhiteFideId "4130804"]
[BlackFideId "14100541"]
[WhiteElo "2900"]
[BlackElo "2489"]
[Result "1-0"]
[Round "1"]
[TimeControl "180+1"]
[Date "2023.08.08"]
[WhiteClock "0:01:00"]
[BlackClock "0:00:00"]
[Board "26"]

1. d4 d5 2. c4 e5 3. dxe5 d4 4. Nf3 Nc6 5. a3 g6 6. g3 Bg7 7. Bf4 h6 8. h4 f6 9. exf6 Nxf6 10. Bg2 Ne4 11. Nbd2 Bf5 12. Nxe4 Bxe4 13. O-O Qe7 14. b4 O-O 15. Qb3 Rad8 16. b5 Na5 17. Qb4 Qxb4 18. axb4 Nxc4 19. Rxa7 c6 20. Ne1 Bxg2 21. Kxg2 cxb5 22. Rxb7 Be5 23. Nd3 Bxf4 24. Nxf4 Rb8 25. Rxb8 Rxb8 26. Rd1 Rd8 27. Ne6 1-0


[Site "https://www.chess.com"]

[Event "Titled Tuesday Blitz August 08 Late 2023"]
[White "Jovic, Stanoje"]
[Black "Zhigalko, Sergei"]
[WhiteFideId "905020"]
[BlackFideId "13502956"]
[WhiteElo "2488"]
[BlackElo "2895"]
[Result "0-1"]
[Round "1"]
[TimeControl "180+1"]
[Date "2023.08.08"]
[WhiteClock "0:00:00"]
[BlackClock "0:00:20"]
[Board "27"]

1. c4 e5 2. g3 Nf6 3. Bg2 c6 4. Nf3 d6 5. O-O Be7 6. Nc3 O-O 7. e4 Bg4 8. h3 Bxf3 9. Bxf3 Nbd7 10. Bg2 Nc5 11. d4 exd4 12. Qxd4 Re8 13. b3 a5 14. Bb2 Qb6 15. g4 a4 16. g5 Nh5 17. Bc1 axb3 18. Rb1 bxa2 19. Rxb6 a1=Q 20. Bf3 Ne6 21. Qe3 Bxg5 22. Qe1 Qxc1 23. Qxc1 Bxc1 24. Bxh5 Bd2 25. Nb1 Ra2 26. Rxb7 g6 27. Bg4 Nc5 28. Rc7 Nxe4 29. Bd7 Re5 30. Bxc6 Ba5 31. Ra7 Rg5+ 0-1


[Site "https://www.chess.com"]